 Dungeon Crawl Stone Soup version 0.24.0-3-g28a8eb0610 (webtiles) character file.

Game seed: 1781901021709095701, levelgen mode: deterministic

172 Amplified the Magician (level 5, -8/41 HPs)
             Began as a Mummy Summoner on Nov 1, 2019.
             Mangled by an ogre
             ... wielding a +0 giant club
              (26 damage)
             ... on level 4 of the Dungeon.
             The game lasted 00:08:23 (4002 turns).

Amplified the Magician (Mummy Summoner)             Turns: 4002, Time: 00:08:23

Health: -8/41      AC:  4    Str: 12    XL:     5   Next: 27%
Magic:  6/11       EV: 12    Int: 15    God:
Gold:   227        SH:  0    Dex: 12    Spells: 3/13 levels left

rFire    x . .     SeeInvis .   h - +3 dagger (speed)
rCold    + . .     Gourm    .   (no shield)
rNeg     + + +     Faith    .   a - +2 robe
rPois    ∞         Spirit   .   (no helmet)
rElec    .         Reflect  .   (no cloak)
rCorr    .         Harm     .   (no gloves)
MR       .....                  (no boots)
Stlth    ++........             (no amulet)
HPRegen  0.13/turn              (no ring)
MPRegen  0.12/turn              (no ring)

@: very slightly contaminated
A: no food or potions, fire vulnerability, cold resistance 1, negative energy
resistance 3, torment resistance, unbreathing
a: no special abilities


You were on level 4 of the Dungeon.
You were not hungry.

You visited 1 branch of the dungeon, and saw 4 of its levels.

You collected 227 gold pieces.

Inventory:

Hand Weapons
 e - a +0 short sword
 h - a +3 dagger of speed (weapon)
 k - a +0 trident
 m - a +3 dagger
Missiles
 b - 65 stones
 c - 11 arrows
 g - 6 poisoned darts (quivered)
 n - 4 atropa-tipped darts
Armour
 a - a +2 robe (worn)
 d - a +0 chain mail
Scrolls
 f - a scroll of fog
 i - a scroll of remove curse


   Skills:
 * Level 3.3 Fighting
 * Level 0.8 Short Blades
 * Level 0.9 Armour
 - Level 1.5 Dodging
 - Level 1.5 Stealth
 - Level 4.6 Spellcasting
 - Level 3.2 Summonings


You had 3 spell levels left.
You knew the following spells:

 Your Spells              Type           Power        Failure   Level  Hunger
a - Summon Small Mammal   Summ           ##..         4%          1    N/A
b - Call Imp              Summ           ##......     7%          2    N/A
c - Call Canine Familiar  Summ           ##......     13%         3    N/A
d - Summon Guardian Gole  Hex/Summ       #.......     26%         3    N/A
e - Confusing Touch       Hex            #.....       17%         1    N/A

Your spell library contained the following spells:

 Spells                   Type           Power        Failure   Level  Hunger
 Animate Skeleton         Necr           N/A          17%         1    N/A
 Apportation              Tloc           #.....       17%         1    N/A
 Summon Ice Beast         Ice/Summ       #.......     65%         4    N/A
 Summon Lightning Spire   Summ/Air       #.......     65%         4    N/A

Dungeon Overview and Level Annotations

Branches:
Dungeon (4/15)
 Temple: D:4-7

Altars:
Fedhas
Makhleb
Qazlal
Xom


Innate Abilities, Weirdness & Mutations

You do not eat or drink.
Your flesh is vulnerable to fire.
You are immune to poison.
Your flesh is cold resistant. (rC+)
You are immune to negative energy. (rN+++)
You are immune to unholy pain and torment.
You can survive without breathing.


Message History

There is an open door here.
There is an open door here.
You can't drink.
Unknown command.
There is an open door here.
Casting: Call Canine Familiar (safe; 13% risk of failure)
Confirm with . or Enter, or press ? or * to list all spells.
The ogre hits your hound with a +0 giant club!!
Your hound dies!
Your hound's corpse disappears in a puff of smoke!
You open the door.
Casting: Call Canine Familiar (safe; 13% risk of failure)
Confirm with . or Enter, or press ? or * to list all spells.
You miscast Call Canine Familiar.
You are very lightly contaminated with residual magic.
Nothing appears to happen.
There is an open door here.
The ogre hits you with a +0 giant club!!
Ouch! That really hurt!
You die...

.....#≈≈.≈≈########...####.......
.....###'###.....#.............#.
##.....#...#....(#............<#.
.......'...#.....#.............#.
.......#...#...O.#.............#.
.......#..O# ....#.............#.
....)†.###'# #..#####..###'#####
####[#####.####..##.######..##.##
........#....'.O@............#...
........#....#...............#...
........+....#...............#...
##.##...##...##...#..#...##.#).#.
## #############'###############
...# ....# .....# #.....#


You could see 2 ogres.

Vanquished Creatures
  2 worker ants (D:4)
  2 adders (D:2)
  An ooze (D:2)
  An adder skeleton (D:4)
  2 worms
  A dart slug (D:1)
  3 leopard geckos
  13 orcs
  A ball python (D:2)
  3 giant cockroaches
  2 goblins
  2 hobgoblins
  4 kobolds
  3 bats
  4 frilled lizards
  3 rats
47 creatures vanquished.

Vanquished Creatures (collateral kills)
  An adder (D:3)
  An ooze (D:3)
  A worm (D:2)
  2 dart slugs
  2 leopard geckos (D:1)
  3 orcs (D:3)
  3 bats
  2 giant cockroaches
  2 goblins
  2 hobgoblins
  3 kobolds
  A quokka (D:3)
  2 frilled lizards (D:1)
  2 rats (D:1)
27 creatures vanquished.

Grand Total: 74 creatures vanquished

Notes
Turn   | Place    | Note
-------+----------+-------------------------------------------
     0 | D:1      | Amplified the Mummy Summoner began the quest for the Orb.
     0 | D:1      | Reached XP level 1. HP: 13/13 MP: 4/4
   271 | D:1      | Reached skill level 3 in Spellcasting
   330 | D:1      | Reached skill level 1 in Fighting
   516 | D:1      | Reached XP level 2. HP: 17/21 MP: 3/6
   521 | D:1      | Learned a level 2 spell: Call Imp
  1010 | D:1      | Reached XP level 3. HP: 27/27 MP: 8/8
  1015 | D:1      | Learned a level 3 spell: Call Canine Familiar
  1826 | D:2      | Found a blossoming altar of Fedhas.
  1831 | D:2      | Found a stormy altar of Qazlal.
  1841 | D:2      | Reached skill level 4 in Spellcasting
  2237 | D:2      | Reached XP level 4. HP: 33/34 MP: 10/10
  2250 | D:2      | Found a blossoming altar of Fedhas.
  2830 | D:3      | Found a burning altar of Makhleb.
  2830 | D:3      | Noticed an Executioner
  3392 | D:3      | Learned a level 3 spell: Summon Guardian Golem
  3795 | D:4      | Reached XP level 5. HP: 41/41 MP: 11/11
  3892 | D:4      | Learned a level 1 spell: Confusing Touch
  3904 | D:4      | Noticed an ogre
  3942 | D:4      | Found a shimmering altar of Xom.
  3965 | D:4      | Noticed an ogre
  4002 | D:4      | Mangled by an ogre

Levels and vault maps discovered:
D:1:      roderic_chinese_lattice_arrival, layout_rooms, minivault_24,
          st_stairs_1, chequers_serial_rivers_small_a, minmay_door_square
D:2:      layout_basic, grunt_temple_overflow_forces_of_nature, first_ration,
          serial_glass, glass_columns_a, glass_columns_b, glass_columns_c,
          glass_columns_b, glass_columns_b, glass_columns_b, glass_columns_a,
          glass_columns_a, chequers_serial_rivers_room_b, fedhas_altar_4
D:3:      layout_loops_cross, makhleb_altar_promises_db, minmay_misc_feat_roman
D:4:      layout_gridville, kennysheep_little_box,
          grunt_dithmenos_smoke_and_mirrors, minmay_temple_entry_tees,
          glass_columns_b

Skill      XL: |  1  2  3  4 |
---------------+-------------+-----
Spellcasting   | 3 4 |  4.6
Fighting       | 1 2 3 |  3.3
Short Blades   | |  0.8
Armour         | |  0.9
Dodging        | |  1.5
Stealth        | |  1.5
Summonings     | |  3.2

Action                   |  1- 3 |  4- 6 || total
-------------------------+-------+-------++-------
Melee: Unarmed           |    13 |       ||    13
       Short sword       |    90 |    93 ||   183
       Dagger            |       |    38 ||    38
Throw: Stone             |     6 |       ||     6
       Dart              |       |    20 ||    20
 Cast: Summon Small Mamm |    14 |     1 ||    15
       Call Imp          |    17 |    13 ||    30
       Call Canine Famil |       |     2 ||     2
  Use: Scroll            |     7 |     7 ||    14
 Stab: Sleeping          |     5 |     1 ||     6
       Distracted        |     1 |       ||     1
Armor: Robe              |    32 |    34 ||    66
Dodge: Dodged            |    76 |    88 ||   164
